Cogmind - Beta 14 @@@ ROGUE MODE // 2024.10.07 @ 19:31:14 Player: THN-L0C Result: Destroyed by 5W-1KD(R) with Subdweller Beam Cannon Performance ------------- Evolutions (0) 0 Regions Visited (2) 400 Robots Destroyed (46) 230 Value Destroyed (933) 933 Prototype IDs (2) 40 Alien Tech Used (0) 0 Bonus (0) 0 TOTAL SCORE: 1603 Bonus ------- None Cogmind --------- Core Integrity 0/250 Matter 162/300 Energy 125/125 System Corruption 0% Temperature Cool (9) Movement Walking (190) Ox1 Location -10/Subcaves Parts ------- > --- POWER (1) -------- Light Ion Engine > --- PROPULSION (2) --- Myomer Leg > --- UTILITY (2) ------ Scrap Shield > --- WEAPON (2) ------- Bore Cannon Mace > --- INVENTORY (5) ---- High-capacity Matter Pod (0) Improved Terrain Scanner Grenade Launcher Dirty Datajack (20) Mining Laser Peak State ------------ > --- POWER ------------ Light Ion Engine > --- PROPULSION ------- Myomer Leg Myomer Leg > --- UTILITY ---------- Scrap Shield > --- WEAPON ----------- Bore Cannon Mace > --- INVENTORY -------- High-capacity Matter Pod Improved Terrain Scanner Grenade Launcher Dirty Datajack Mining Laser [Rating: 27] Favorites ----------- Power Light Ion Engine Engine Light Ion Engine Propulsion Light Treads Treads Light Treads Leg Myomer Leg Utility Seismic Detector Device Seismic Detector Storage Large Storage Unit Protection Scrap Shield Weapon Assault Rifle Ballistic Gun Assault Rifle Ballistic Cannon Bore Cannon Launcher Grenade Launcher Special Weapon Mining Laser Impact Weapon Mace Build | -11 -10 -10 ------- Run | Yrd Mat Sub Slots Evolved . | . . . Power . | . . . Propulsion . | . . . Utility . | . . . Weapon . | . . . Parts Attached 35 | 8 14 13 Power 4 | 1 2 1 Engine 4 | 1 2 1 Core . | . . . Reactor . | . . . Propulsion 8 | 2 3 3 Treads 6 | 2 3 1 Leg 2 | . . 2 Wheel . | . . . Hover . | . . . Flight . | . . . Utility 4 | 2 1 1 Device 1 | 1 . . Storage 2 | 1 1 . Processor . | . . . Hackware . | . . . Protection 1 | . . 1 Artifact . | . . . Weapon 19 | 3 8 8 Energy Gun . | . . . Energy Cannon . | . . . Ballistic Gun 8 | 3 3 2 Ballistic Cannon 1 | . . 1 Launcher 3 | . 1 2 Special Weapon 3 | . 3 . Impact Weapon 4 | . 1 3 Slashing Weapon . | . . . Piercing Weapon . | . . . Special Melee Weapon . | . . . Unidentified Prototypes . | . . . Parts Lost 5 | . . 5 Power 1 | . . 1 Propulsion 2 | . . 2 Utility . | . . . Weapon 2 | . . 2 Highest Loss Streak 2 | . . 2 To Critical Strikes 1 | . . 1 Average Slot Usage (%) 97 | . 100 90 Engine 13 | . 14 13 Treads 21 | . 28 5 Leg 6 | . . 22 Device 11 | . 14 6 Storage 11 | . 14 6 Protection 2 | . . 7 Ballistic Gun 18 | . 23 7 Ballistic Cannon 2 | . . 7 Launcher 2 | . . 8 Special Weapon 1 | . 2 . Impact Weapon 2 | . 1 4 Peak Build Rating 27 | 7 12 27 Average Rating 12 | 6 9 22 On Entrance 6 | . 7 11 Naked Turns . | . . . Heaviest Build 33 | 14 31 33 Greatest Support 50 | 40 46 50 Greatest Overweight (x) 4 | 4 . 1 Average Overweight (x) . | . . . Largest Inventory Capacity 15 | 8 15 15 Average Capacity 12 | 7 14 9 Most Carried 15 | 5 15 15 Average Carried 9 | 2 11 8 Final Capacity 15 | 8 15 5 Final Carried 15 | 5 15 5 Class Distribution -------------------- 78% | Mutant 21% | Scavenger-Mutant Dominant Class ---------------- Mutant | -10/Materials Scavenger-Mutant | -10/Subcaves Resources | -11 -10 -10 ----------- Run | Yrd Mat Sub Matter Collected 1412 | 408 470 534 Remotely . | . . . Salvage Created 1018 | 196 481 341 Parts 75 | 21 26 28 Haulers Intercepted 2 | . 2 . Recyclers Shooed 1 | 1 . . Parts Field Recycled . | . . . Retrieved Matter . | . . . Parts Self-Destructed 5 | . . 5 Prevented . | . . . Kills | -11 -10 -10 ------- Run | Yrd Mat Sub Combat Hostiles Destroyed 26 | . 9 17 Guns 11 | . 9 2 Cannons 2 | . . 2 AOE 13 | . . 13 Classes Destroyed 10 | 3 5 2 Worker 8 | 2 6 . Builder 1 | . 1 . Tunneler 6 | 5 1 . Hauler 2 | . 2 . Recycler 1 | 1 . . Watcher 2 | . 2 . Swarmer 6 | . 6 . Grunt 4 | . 3 1 Cobbler 2 | . . 2 Subdweller 16 | . . 16 Best Kill Streak 12 | 4 6 12 Combat Bots Only 12 | . 6 12 Max Kills in Single Turn 4 | 1 2 4 Gunslinging 1 | . 1 . Exploded 4 | . . 4 Melee . | . . . Uniques/NPCs Destroyed . | . . . Combat | -11 -10 -10 -------- Run | Yrd Mat Sub Hostile Shots Fired 119 | . 52 67 Missed 36 | . 17 19 Damage Taken 1424 | . 281 1143 Core 252 | . 29 223 Absorbed by Shields . | . . . Core Remaining (%) 100 | 100 . . Volleys Fired 144 | 19 57 68 Largest 2 | 2 2 2 Hottest 100 | 40 100 57 Shots Fired 222 | 38 102 82 Gun 155 | 38 90 27 Cannon 33 | . . 33 Launcher 22 | . . 22 Special 12 | . 12 . Kinetic 188 | 38 90 60 Thermal 12 | . 12 . Explosive 22 | . . 22 Electromagnetic . | . . . Robot Hit Streak 11 | 11 11 10 Robot Miss Streak 4 | 2 4 4 Penetration Max . | . . . Secondary Targets 3 | . 2 1 Max Gunslinging Chain 1 | . 1 1 Shots Hit Robots 151 | 24 61 66 Core Hits 77 | 13 24 40 Critical Kills 1 | . . 1 Critical Parts Destroyed 6 | . 2 4 Critical Strikes 15 | . 2 13 Destroy 13 | . . 13 Smash 2 | . 2 . Melee Attacks 17 | . 10 7 Impact 17 | . 10 7 Slashing . | . . . Piercing . | . . . Sneak Attacks 9 | . 8 1 Combat Hostiles . | . . . Follow-up Attacks 1 | . . 1 Damage Inflicted 3721 | 238 1083 2400 Guns 1001 | 238 566 197 Cannons 477 | . . 477 Explosions 1615 | . . 1615 Melee 628 | . 517 111 Ramming . | . . . Kinetic 1478 | 238 566 674 Thermal . | . . . Explosive 1615 | . . 1615 Electromagnetic . | . . . Impact 628 | . 517 111 Slashing . | . . . Piercing . | . . . Highest Corruption . | . . . Average Corruption . | . . . Corruption Purged . | . . . Corruption Blocked . | . . . Overload Shots . | . . . Overflow Damage 360 | . 304 56 Projectiles . | . . . Explosions 11 | . . 11 Melee 349 | . 304 45 Knockbacks 10 | . 4 6 Impact 5 | . 4 1 Kinetic 5 | . . 5 Secondary . | . . . Self-Inflicted Damage 113 | . . 113 Shots 9 | . . 9 Rammed . | . . . Targets Rammed . | . . . Kicked . | . . . Crushed . | . . . Highest Temperature 60 | . 60 . Average Temperature 18 | . 18 . Received Heat Transfer 282 | . 30 252 Siege Activations . | . . . Robots Corrupted 7 | . 6 1 Combat Hostiles . | . . . Parts Fried 7 | . 6 1 Impact Corruptions 17 | . 15 2 Robots Melted . | . . . Combat Hostiles . | . . . Parts Melted . | . . . Heat Transferred . | . . . Parts Sabotaged . | . . . Parts Stolen . | . . . Parts Stripped . | . . . Power Chain Reactions . | . . . Alert | -11 -10 -10 ------- Run | Yrd Mat Sub Peak Influence 166 | 40 166 . Initial 26 | . 26 . Average 41 | 22 43 . Maximum Alert Level . | . . . Low Security (%) 100 | 100 100 . Level 1 . | . . . Level 2 . | . . . Level 3 . | . . . Level 4 . | . . . Level 5 . | . . . High Security . | . . . Max Security . | . . . Squads Dispatched . | . . . Investigation . | . . . Extermination . | . . . Reinforcement . | . . . Assault . | . . . Garrison . | . . . Intercept . | . . . Searches Triggered . | . . . Construction Impeded . | . . . Haulers Reinforced . | . . . Active Scanning Responses . | . . . Cargo Convoy Interrupts . | . . . Stealth | -11 -10 -10 --------- Run | Yrd Mat Sub Distress Signals 2 | . 2 . Communications Jammed . | . . . Distress Signals . | . . . Times Spotted 38 | . 19 19 Peak Tracking Total 9 | . 4 9 Tactical Retreats . | . . . Traps | -11 -10 -10 ------- Run | Yrd Mat Sub Traps Triggered . | . . . Indirectly . | . . . Trap Hack Attempts . | . . . Triggered . | . . . Disarmed . | . . . Reprogrammed . | . . . Reused . | . . . Traps Extracted . | . . . Installed . | . . . Triggered . | . . . Machines | -11 -10 -10 ---------- Run | Yrd Mat Sub Machines Disabled . | . . . Max in Single Turn . | . . . Machines Repaired . | . . . Machines Dismantled . | . . . Machines Sabotaged . | . . . Overloaded Fab Kills . | . . . Hacking | -11 -10 -10 --------- Run | Yrd Mat Sub Machines Accessed 6 | . 6 . Terminals 6 | . 6 . Fabricators . | . . . Repair Stations . | . . . Recycling Units . | . . . Scanalyzers . | . . . Garrison Access . | . . . Total Hacks 14 | . 14 . Successful 10 | . 10 . Failed 4 | . 4 . Catastrophic . | . . . Database Lockouts . | . . . Manual 13 | . 13 . Terminals 14 | . 14 . Fabricators . | . . . Repair Stations . | . . . Recycling Units . | . . . Scanalyzers . | . . . Garrison Access . | . . . Terminal Hacks 1 | . 1 . Prototype ID Bank 1 | . 1 . Fabricator Hacks . | . . . Repair Station Hacks . | . . . Recycling Unit Hacks . | . . . Scanalyzer . | . . . Garrison Access Hacks . | . . . Unauthorized Hacks 9 | . 9 . Terminals 9 | . 9 . Botnet 3 | . 3 . Operators 1 | . 1 . Skim 5 | . 5 . Fabricators . | . . . Repair Stations . | . . . Recycling Units . | . . . Scanalyzers . | . . . Garrison Access . | . . . Data Cores Recovered . | . . . Used . | . . . Hacking Detections 3 | . 3 . Full Trace Events . | . . . Feedback Events . | . . . Feedback Blocked . | . . . Robot Schematics Acquired . | . . . Robots Built . | . . . Authchips . | . . . Time . | . . . Total Robot Build Rating . | . . . Part Schematics Acquired . | . . . Parts Built . | . . . Authchips . | . . . Time . | . . . Total Part Build Rating . | . . . Parts Repaired . | . . . Time . | . . . Parts Recycled . | . . . Recycled Matter . | . . . Retrieved Matter . | . . . Retrieved Components . | . . . Parts Scanalyzed . | . . . Part Schematics Acquired . | . . . Parts Damaged . | . . . Bothacking | -11 -10 -10 ------------ Run | Yrd Mat Sub Used RIF Installer . | . . . Robots Hacked . | . . . Non-combat . | . . . Combat . | . . . Robot Hacks Applied . | . . . Relay Couplers Released . | . . . Fabnet Peak Effective % . | . . . Robots Rewired . | . . . Allies Hacked . | . . . Hacks Repelled . | . . . Allies | -11 -10 -10 -------- Run | Yrd Mat Sub Total Allies . | . . . Largest Group . | . . . Highest-Rated Group . | . . . Highest-Rated Ally . | . . . Total Orders . | . . . Ally Attacks . | . . . Total Damage . | . . . Kills . | . . . Allies Corrupted . | . . . Allies Melted . | . . . Intel | -11 -10 -10 ------- Run | Yrd Mat Sub Robot Analysis Total . | . . . Derelict Logs Recovered 1 | . . 1 Drone Launches . | . . . Drone Recoveries . | . . . Exploration | -11 -10 -10 ------------- Run | Yrd Mat Sub Turns Passed 2879 | 258 1867 754 Spaces Moved 1106 | 116 584 406 Core 15 | 15 . . Treads 733 | 101 584 48 Legs 358 | . . 358 Wheels . | . . . Hover . | . . . Flight . | . . . Fastest Speed 50 | 50 160 120 Average Speed 147 | 159 160 124 Slowest Speed 250 | 250 160 240 Overloaded Moves . | . . . Propulsion Burnouts . | . . . Robots Hopped . | . . . Cave-ins Triggered . | . . . Exploration Rate (%) 33 | 7 74 18 Regions Visited 2 Branch Regions 1 Pre-discovered Areas 1 | . . 1 Known Exits Taken 1 | . 1 . Unknown Exits Taken 1 | 1 . . Scrap Searched 2 | . . 2 Spaces Dug 9 | . 9 . Terrain Destroyed 75 | . 11 64 Melee 1 | . 1 . Projectile 21 | . 10 11 AOE 53 | . . 53 Terrain Rammed . | . . . Walls Destroyed . | . . . Machines Disabled . | . . . Actions | -11 -10 -10 --------- Run | Yrd Mat Sub Total 2093 | 151 1380 562 Wait 755 | 5 696 54 Move 1104 | 115 583 406 Hop . | . . . Pick Up 23 | 4 12 7 Fast Attach 7 | 7 . . Attach 5 | . . 5 Detach . | . . . Swap 23 | 1 14 8 Drop 13 | . 8 5 Fire 144 | 19 57 68 Melee 16 | . 10 6 Ram . | . . . Kick . | . . . Crush . | . . . Escape Stasis . | . . . Rewire . | . . . Trap . | . . . Miscellaneous 3 | . . 3 Route ------- -11/Scrapyard -10/Materials (discovered 5 exits: *Mat x3 / *Min / *Sub) -10/Subcaves (discovered 1 exit: [*Mat]) History --------- Turn | Location | Event 6 | -11/Scrapyard | Discovered new exit (range 16) 259 | -11/Scrapyard | Entered Materials 317 | -10/Materials | Build established: Mutant 545 | -10/Materials | Discovered new exit (range 13) 832 | -10/Materials | Discovered new exit (range 4) 985 | -10/Materials | Discovered new exit (range 6) 1298 | -10/Materials | Identified exit to Materials 1298 | -10/Materials | Identified exit to Subcaves 1298 | -10/Materials | Learned location of 1 exit from Materials 1435 | -10/Materials | Learned location of 1 exit from Recycling 1490 | -10/Materials | Identified exit to Mines 1533 | -10/Materials | Learned 4 Subcaves zone layouts 1568 | -10/Materials | Learned 2 Storage zone layouts 1629 | -10/Materials | Loaded intel: 1 repair station location 1674 | -10/Materials | Learned 2 Storage zone layouts 1729 | -10/Materials | Learned 4 Recycling zone layouts 2126 | -10/Materials | Entered Subcaves 2152 | -10/Subcaves | Learned Materials stockpile data 2184 | -10/Subcaves | Learned location of Zion (-6) 2184 | -10/Subcaves | Met a Zionite searching for "candidates" 2355 | -10/Subcaves | Shifting Twisted Machinery released Battle Cannon 2376 | -10/Subcaves | Shifting Twisted Machinery released Sub. Optics 2380 | -10/Subcaves | Shifting Twisted Machinery released Barrage Gun 2384 | -10/Subcaves | Ambushed by swarm of Subdwellers 2384 | -10/Subcaves | Ambushed by Subdwellers from Twisted Machinery 2384 | -10/Subcaves | Ambushed by Subdwellers from Twisted Machinery 2384 | -10/Subcaves | Ambushed by Subdwellers from Twisted Machinery 2384 | -10/Subcaves | Ambushed by Subdwellers from Twisted Machinery 2401 | -10/Subcaves | Core integrity fell below 50% 2407 | -10/Subcaves | Ambushed by angry Subdweller bent on revenge 2434 | -10/Subcaves | Discovered new exit (range 5) 2440 | -10/Subcaves | Destroyed 12 combat bots 2492 | -10/Subcaves | Core integrity fell below 20% 2545 | -10/Subcaves | Curiously followed by a Cobbler waking with a query about "LVR3C" 2638 | -10/Subcaves | Shifting Twisted Machinery released Sub. Shrapnel Launcher 2726 | -10/Subcaves | Build established: Scavenger-Mutant 2880 | -10/Subcaves | Destroyed by 5W-1KD(R) with Subdweller Beam Cannon Last Messages --------------- 02736_ HV Slug penetrates 3W-K9J(R). 02736_ 3W-K9J(R) suffers critical hit (Destroy). 02736_ 3W-K9J(R) knocked back. 02738_ 3W-K9J(R) destroyed. 02741_ Acquired 19 matter. 02744_ Acquired Dirty Datajack. 02747_ Acquired 5 matter. 02749_ Acquired 8 matter. 02763_ Acquired 11 matter. 02769_ Acquired 6 matter. 02770_ Acquired 13 matter. 02772_ Acquired 15 matter. 02781_ Acquired 5 matter. 02825_ Acquired 48 matter. 02861_ Subatomizers dissect the Sub. Power Source. 02875_ HV Slug penetrates 5W-1KD(R). 02877_ 5W-1KD(R) suffers critical hit (Destroy). 02879_ Myomer Leg destroyed. 02879_ HV Slug penetrates 5W-1KD(R). 02879_ 5W-1KD(R) suffers critical hit (Destroy). Map ----- +----------------------------------------------------+ | | | | | ?????????????????????????????????????????????????? | | ?????????????????????????????????????????????????? | | ?????????????????????????????????????????????????? | | ?????????????????????????????????????????????????? | | ?????????????????????????????????????????????????? | | ?????????????????????????????????????????????????? | | ?????????????????????????????????????????????????? | | ?????????????????????????????????????????????????? | | ?????????????????????????????????????????????????? | | ?????????????????????????????????????????????????? | | ?????????????????????????????????????????????????? | | ?????????????????????????????????????????????????? | | ?????????????????????????????????????????????????? | | ?????????????????????????????????????????????????? | | ???????????????????####????????????##????????????? | | ####??????????????## ##????????### ?????????????? | | # ###?????????#### #??????? ??????????????? | | # "########### ## #??????# ???????????????? | | # "" ## #?????? ????????????????? | | [ "" # ##?????? ?????????????????? | | # #??????? ??????????????????? | | " ####??????# #??????????????????? | | " "" ## # ###???###? #??????????????????? | | """########## ##??#@## #??????????????????? | | "##"#??????# #??# R #??????????????????? | | ## ##??????# ##?##R # #??????????????????? | | ##??##??## #?# % ;##??????????????????? | | ## ##??## ##?# #??????????????????? | | "" "#???### ##??# ##?????????????????? | | " "#?#"#### ##??# ##????????????????? | | "] ###""""#?## #### #????????????????? | | "" "" ####""""##### ## ## #????????????????? | | ""####### """"## ## #####????????????????? | | ###?### """""# # ##??????????????????? | | #??## """""" #??????????????????? | | "### """ " ] #??????????????????? | | "##" """" # # #??????????????????? | | """" " ### ### #??????????????????? | | "" ### #?# # ##= #??# ##?????????????????? | | # #### ######## & #### ##????????????????? | | #"##""" ####!&* #????????????????? | | #####"" ## ?????????? | | # # "" ## ## #?????????? | | ### ##### ##?????????? | | ### #???## ## #??????????? | | ##### #?# ##?????###?? #??????????? | | ##??# ####?# ##???????????# #??????????? | | #???# #????##! #????????????? ??????????? | +----------------------------------------------------+ Best States ------------- Heat Dissipation 25 Energy Generation 10 Energy Capacity 250 Matter Stores 300 Matter Capacity 300 Sight Range 16 Terrain Scan Density 10 Armor Coverage 800 Evasion (%) 55 Recoil Reduction 2 Item Schematics ----------------- None Robot Schematics ------------------ None Fabricated ------------ Nothing Alien Tech Used ----------------- None Achievements -------------- None Challenges ------------ None Game ------ Seed TerrainGodCapacitor Manual? 0 Play Time 00:18:17 Cumulative 310.0 hours Start 2024.10.07 @ 19:15:33 End 2024.10.07 @ 19:31:14 Sessions 1 Manual Loads 0 Difficulty Rogue Special Mode None Game No. 248 Rogue 248 Adventurer 0 Explorer 0 Win Type - Total 2 Types 1/0/0/1/0/0/0/0/0 Lore% 74 Gallery% 79 Achievement% 59 Wizard Run 0 Options --------- Layout 2 ASCII 0 Keyboard 1 Movement Vi Keybinds 0 Fullscreen 1 Font 32/SmallcapsGlow Map View 77x44 Zoom Use 0% Tactical HUD 1 Map Filters NONE Filters NONE Steam 1 RUN: 128645d1-30aa-4946-a752-8024c1ed65c8